 Dungeon Crawl Stone Soup version 0.24.0-5-g267a8d59f4 (webtiles) character file.

Game seed: 17281467539634706929, levelgen mode: deterministic

369562 Monsterracer the Tortoise (level 21, -33/312 HPs)
             Began as a Deep Dwarf Fighter on Nov 1, 2019.
             Was the Champion of Makhleb.
             Annihilated by an Orb Guardian (42 damage)
             ... on level 5 of the Realm of Zot.
             The game lasted 00:27:09 (23996 turns).

Monsterracer the Tortoise (Deep Dwarf Fighter)     Turns: 23996, Time: 00:27:09

Health: -33/312    AC: 25    Str: 34    XL:     21   Next: 31%
Magic:  17/17      EV:  8    Int:  7    God:    Makhleb [******]
Gold:   1645       SH: 28    Dex: 12    Spells: 20/20 levels left

rFire    + + .     SeeInvis .   a - +9 broad axe (elec)
rCold    + . .     Gourm    .   u - +0 large shield
rNeg     + . .     Faith    .   M - +0 storm dragon scales
rPois    .         Spirit   .   D - +2 helmet
rElec    +         Reflect  +   B - +2 cloak
rCorr    .         Harm     .   I - +2 pair of gloves
MR       +++..                  (no boots)
Stlth    ..........             i - +3 amulet of reflection
HPRegen  0.00/turn              l - ring of the Spinneret {rElec rF+ Int-5 Slay+3 Stlth+}
MPRegen  0.15/turn              Y - ring "Pisott" {+Fly rF+ rC+ Int+2}

@: berserking, silence, marked, non-regenerating, hasted, very quick
A: damage resistance, heal wounds, blurry vision 1, deformed body, low mp 1,
negative energy resistance 1, sense surroundings 3, no regeneration
}: 3/15 runes: decaying, slimy, gossamer
a: Heal Wounds, Renounce Religion, Evoke Flight


You were on level 5 of the Realm of Zot.
You worshipped Makhleb.
Makhleb was exalted by your worship.
You were hungry.

You visited 8 branches of the dungeon, and saw 46 of its levels.
You also visited: Bailey, Gauntlet and Ice Cave.

You collected 2513 gold pieces.
You spent 868 gold pieces at shops.

Inventory:

Hand Weapons
 a - a +9 broad axe of electrocution (weapon)
   (You acquired it on level 1 of the Lair of Beasts)
Missiles
 C - 3 throwing nets (quivered) {!f}
Armour
 u - a +0 large shield (worn)
   (You found it on level 6 of the Dungeon)
 B - a +2 cloak (worn)
   (You took it off Crazy Yiuf on level 5 of the Dungeon)
 D - a +2 helmet (worn)
   (You found it on level 2 of the Dungeon)
 I - a +2 pair of gloves (worn)
   (You found it on level 4 of the Lair of Beasts)
 M - +0 storm dragon scales (worn)
   (You found it on level 1 of the Realm of Zot)
 N - the +4 ice dragon scales "Link" {rElec rF- rC++ rCorr Slay+2}
   (You found it in an ice cave)

   It affects your accuracy and damage with ranged weapons and melee attacks
   (+2).
   It makes you vulnerable to fire.
   It greatly protects you from cold.
   It insulates you from electricity.
   It provides partial protection from all sources of acid and corrosion.
Jewellery
 i - a +3 amulet of reflection (around neck)
   (You took it off a centaur on level 6 of the Dungeon)
 l - the ring of the Spinneret (left hand) {rElec rF+ Int-5 Slay+3 Stlth+}
   (You found it on level 14 of the Dungeon)

   [ring of slaying]

   It affects your intelligence (-5).
   It affects your accuracy and damage with ranged weapons and melee attacks
   (+3).
   It protects you from fire.
   It insulates you from electricity.
   It makes you more stealthy.
 q - an uncursed ring of resist corrosion
   (You found it on level 11 of the Dungeon)
 y - an uncursed ring of fire
   (You found it on level 5 of the Realm of Zot)
 P - an uncursed ring of poison resistance
   (You found it in a Gauntlet)
 Y - the ring "Pisott" (right hand) {+Fly rF+ rC+ Int+2}
   (You found it on level 5 of the Pits of Slime)

   [ring of flight]

   It affects your intelligence (+2).
   It protects you from fire.
   It protects you from cold.
   It lets you fly.
 Z - the ring of Xom's Favour {rC+ AC+4 Int+2 Dex-2 SInv}
   (You found it in a Gauntlet)

   [ring of protection]

   It affects your AC (+4).
   It affects your intelligence (+2).
   It affects your dexterity (-2).
   It protects you from cold.
   It lets you see invisible.
Wands
 b - a wand of iceblast (5)
   (You found it on level 13 of the Dungeon)
 k - a wand of clouds (5)
   (You found it on level 5 of the Dungeon)
 v - a wand of disintegration (26)
   (You found it on level 5 of the Lair of Beasts)
 x - a wand of acid (39)
   (You took it off Erica on level 9 of the Dungeon)
 H - a wand of digging (3)
   (You found it on level 4 of the Lair of Beasts)
 R - a wand of scattershot (6)
   (You found it on level 15 of the Dungeon)
Scrolls
 f - 3 scrolls of identify
 n - 4 scrolls of fog
 p - a scroll of enchant weapon
 r - 13 scrolls of remove curse
 s - a scroll of summoning {!r}
 t - 18 scrolls of teleportation {!r}
 w - 3 scrolls of silence
 J - 3 scrolls of fear {!r}
 U - a scroll of holy word
 X - 2 scrolls of blinking
Potions
 d - 2 potions of heal wounds
 e - 9 potions of curing
 g - 2 potions of agility
 h - 7 potions of haste
 j - 2 potions of might
 o - 3 potions of mutation {!q}
 A - 7 potions of ambrosia {!q}
 E - 4 potions of lignification
 G - 4 potions of magic
 O - 4 potions of flight
Miscellaneous
 z - a sack of spiders
 L - a phial of floods
   (You found it on level 5 of the Lair of Beasts)
 Q - a lamp of fire
   (You found it on level 6 of the Lair of Beasts)
 V - a fan of gales
   (You found it on level 5 of the Pits of Slime)
 W - a box of beasts
Comestibles
 c - 45 rations


   Skills:
 + Level 17.3 Fighting
 - Level 18.0 Axes
 + Level 20.1 Armour
 + Level 20.0 Shields
 - Level 16.0 Invocations
 - Level 5.0 Evocations


You had 20 spell levels left.
You didn't know any spells.
Your spell library contained the following spells:

 Spells                   Type           Power        Failure   Level  Hunger
 Animate Skeleton         Necr           N/A          91%         1    ##.....
 Apportation              Tloc           #.....       91%         1    ##.....
 Beastly Appendage        Tmut           #.....       91%         1    ##.....
 Confusing Touch          Hex            #.....       91%         1    ##.....
 Corona                   Hex            #......      91%         1    ##.....
 Sandblast                Erth           #.....       91%         1    ##.....
 Summon Butterflies       Summ           #.......     91%         1    ##.....
 Summon Small Mammal      Summ           #...         91%         1    ##.....
 Passwall                 Tmut/Erth      #.......     97%         2    ###....
 Slow                     Hex            #.......     97%         2    ###....
 Sticks to Snakes         Tmut           #.......     97%         2    ###....
 Call Canine Familiar     Summ           #.......     99%         3    ####...
 Inner Flame              Hex/Fire       #.......     99%         3    ####...
 Portal Projectile        Hex/Tloc       #.....       99%         3    ####...
 Spider Form              Tmut/Pois      #.........   99%         3    ####...
 Stone Arrow              Conj/Erth      #.....       99%         3    ####...
 Cause Fear               Hex            #.........   100%        4    #####..
 Ice Form                 Ice/Tmut       #.......     100%        4    #####..
 Leda's Liquefaction      Hex/Erth       #.........   100%        4    #####..
 Petrify                  Tmut/Erth      #.......     100%        4    #####..
 Summon Ice Beast         Ice/Summ       #.......     100%        4    #####..
 Blade Hands              Tmut           #.........   100%        5    ######.
 Irradiate                Conj/Tmut      #.........   100%        5    ######.
 Lee's Rapid Deconstruct  Erth           #.........   100%        5    ######.
 Metabolic Englaciation   Hex/Ice        #.........   100%        5    ######.
 Summon Mana Viper        Hex/Summ       #.......     100%        5    ######.
 Bolt of Cold             Conj/Ice       #.........   100%        6    #######
 Freezing Cloud           Conj/Ice/Air   #.........   100%        6    #######
 Hydra Form               Tmut           #.........   100%        6    #######
 Ozocubu's Refrigeration  Ice            #.........   100%        6    #######
 Simulacrum               Ice/Necr       #.........   100%        6    #######
 Statue Form              Tmut/Erth      #........    100%        6    #######
 Dragon Form              Tmut           #.........   100%        7    #######
 Summon Hydra             Summ           #.........   100%        7    #######


Dungeon Overview and Level Annotations

Branches:
Dungeon (15/15)            Temple (0/1) D:7            Lair (6/6) D:8
  Swamp (4/4) Lair:3       Spider (4/4) Lair:3        Slime (5/5) Lair:6
    Orc (2/2) D:12            Elf (0/3) Orc:2        Vaults (0/5) D:14
 Depths (5/5) D:15            Zot (5/5) Depths:5     Bailey (visited)
  IceCv (visited)         Gauntlet (visited)

Altars:
Cheibriados
Fedhas
Hepliaklqana
Kikubaaqudgha
Makhleb
Okawaru
Qazlal
Ru
Sif Muna
Wu Jian
Zin
The Shining One
Jiyva

Shops:
D:10 ??}?%   Orc:1 (   Orc:2 (((%   Depths:1 %*

Portals:
Hell: Depths:1 Depths:3
Ziggurat: Depths:4

Annotations:
Lair:3 exclusion: oklob plant
Lair:6 1 runed translucent door, grouchysmurf's ghost, journeyman KoHu


Innate Abilities, Weirdness & Mutations

You are resistant to damage.
You can heal yourself by infusing magical energy.
You resist negative energy. (rN+)
You passively map a large area around you.
You do not regenerate.
Scrolls take you a little longer to read.
Armour fits poorly on your strangely shaped body.
Your magical capacity is low. (-10% MP)


Message History

The Killer Klown throws klown pie at you.
The klown pie reflects off an invisible shield around you!
The klown pie hits the Killer Klown!!
Cherry!
The Killer Klown looks more vulnerable to fire.
The Orb Guardian barely misses you.
You hit the Orb Guardian.
The Orb Guardian is heavily wounded.
The Orb Guardian hits you but does no damage.
The Killer Klown blinks!
You feel much better.
You recover from your berserk rage.
The Orb Guardian hits you!
You slash the Orb Guardian!
The Orb Guardian is heavily wounded.
You block the Orb Guardian's attack.
The Killer Klown blinks!
An Orb Guardian comes into view.
You hit the Orb Guardian.
The Orb Guardian is heavily wounded.
The Orb Guardian barely misses you.
The Killer Klown blinks!
An Orb Guardian comes into view. x2
You slash the Orb Guardian!
The Orb Guardian is severely wounded.
You block the Orb Guardian's attack.
You slash the Orb Guardian!
The Orb Guardian is almost dead.
You are feeling hungry.
You block the Orb Guardian's attack.
The Killer Klown blinks!
The moth of wrath goads the Orb Guardian on!
The Orb Guardian goes berserk!
You closely miss the Orb Guardian.
The Orb Guardian is almost dead.
The Orb Guardian barely misses you. x2
The moth of wrath goads the Orb Guardian on!
The Orb Guardian goes berserk!
You miss the Orb Guardian.
The Orb Guardian is severely wounded.
You slash the Orb Guardian! The Orb Guardian hits you!!!
The Orb Guardian hits you.
The power of Zot is invoked against you!
An unnatural silence engulfs you. You block the Orb Guardian's attack.
The Orb Guardian hits you!!
You hit the Orb Guardian but do no damage.
Lightning courses through the Orb Guardian!
The Orb Guardian is almost dead.
You slash the Orb Guardian! You hit the Orb Guardian.
You block the Orb Guardian's attack. x2; The Orb Guardian hits you!
You feel yourself speed up. The Orb Guardian hits you!
You block the Orb Guardian's attack. The Orb Guardian hits you.
The Killer Klown blinks!
You block the Orb Guardian's attack.
The Orb Guardian hits you but does no damage.
You block the Orb Guardian's attack. The Orb Guardian hits you!!
Really quaff
K - a potion of berserk rage {!q}?
A red film seems to cover your vision as you go berserk!
You feel yourself moving faster!
You feel mighty!
You block the Orb Guardian's attack. x2; The Orb Guardian hits you!!
* * * LOW HITPOINT WARNING * * *
You block the Orb Guardian's attack. The Orb Guardian barely misses you.
Unknown command.
Unknown command.
You slash the Orb Guardian!
Lightning courses through the Orb Guardian!!
The Orb Guardian is moderately wounded.
You slash the Orb Guardian!
Lightning courses through the Orb Guardian!
You slash the Orb Guardian! You barely miss the Orb Guardian.
You completely miss the Orb Guardian.
The Killer Klown is no longer more vulnerable to fire.
You block the Orb Guardian's attack. x3; The Orb Guardian hits you!
The Orb Guardian hits you but does no damage.
You closely miss the Orb Guardian.
The Orb Guardian is moderately wounded.
You closely miss the Orb Guardian. You slice the Orb Guardian!! x2
Lightning courses through the Orb Guardian!
You kill the Orb Guardian!
Makhleb accepts your kill.
You slash the Orb Guardian! You block the Orb Guardian's attack.
The moth of wrath goads the Orb Guardian on!
The Orb Guardian goes berserk!
The moth of wrath goads the Orb Guardian on!
The Orb Guardian goes berserk!
You block the Orb Guardian's attack.
The Killer Klown does a flip.
You barely miss the Orb Guardian.
The Orb Guardian is moderately wounded.
You slash the Orb Guardian! x2; You slice the Orb Guardian!!
Lightning courses through the Orb Guardian!
The Orb Guardian hits you!!!
* * * LOW HITPOINT WARNING * * *
You block the Orb Guardian's attack. The Orb Guardian barely misses you.
The Orb Guardian hits you!!
* * * LOW HITPOINT WARNING * * *
Unknown command.
You slash the Orb Guardian!
The Orb Guardian is almost dead.
You completely miss the Orb Guardian. You slash the Orb Guardian!
You barely miss the Orb Guardian. You block the Orb Guardian's attack.
The Orb Guardian hits you!
* * * LOW HITPOINT WARNING * * *
The moth of wrath goads the Orb Guardian on!
The Orb Guardian goes berserk!
The Orb Guardian hits you!!!
You die...

# ##....##......(........
###...^....^..........
#▓▓▓▓▓▓▓▓▓▓▓##)....▓
▓▓▓▓.........).....
##▓...........[†.†...
##............^....... *********
#..................)..
**,,,,,,,**▓...X.................
*,,,,,,,,,*▓..XX@................
,,,,,,,,,,,▓..yXX....p...........
,,,,,,,,,........^..^............
,,,,,,,,,..▓..^..................
*,,,,,,,,.*▓.....................
**,,,,,,,**▓................,,,,,
********* ▓..............,,,,,,,
▓▓...........,,,,,,,,,
***,,,,,,,,,,,,,,,,,,


You could see a Killer Klown, 5 Orb Guardians and a moth of wrath.

Vanquished Creatures
  Dissolution (Slime:3)
  the Royal Jelly (Slime:5)
  6 ancient liches (Zot:5)
  3 orbs of fire (Zot:1 Zot:5)
  A Killer Klown (Zot:5)
  A curse toe (Zot:1)
  3 golden dragons (Depths:5 Zot:1 Zot:3)
  Jory (Depths:5)
  A bone dragon (Depths:5)
  An electric golem (Zot:5)
  A tentacled monstrosity (Zot:3)
  16 Orb Guardians (Zot:5)
  2 liches (Depths:1 Depths:3)
  15 acid blobs (Slime:1 Slime:3 Slime:5)
  3 quicksilver dragons (Zot:1 Zot:5)
  Gastronok (D:8)
  3 death cobs (Zot:2 Zot:3)
  3 thorn hunters (Swamp:4)
  2 shadow dragons (Depths:5)
  3 storm dragons (Zot:1 Zot:2 Zot:5)
  A draconian monk (Depths:5)
  3 fire giants (Depths:2 Depths:5)
  14 azure jellies (Slime:1 Slime:3 Slime:4 Slime:5)
  6 ghost moths (Spider:4 Zot:5)
  2 draconian scorchers (Depths:5 Zot:1)
  2 draconian shifters (Zot:1 Zot:5)
  3 emperor scorpions (Spider:4)
  3 draconian annihilators (Depths:5 Zot:1 Zot:5)
  4 draconian stormcallers (Zot:1 Zot:5)
  2 entropy weavers (Spider:3)
  2 very ugly things (Depths:1)
  5 stone giants (Depths:1 Depths:2 Depths:3)
  5 green draconians (Zot:1 Zot:5)
  Azrael (Spider:3)
  A dire elephant (Lair:6)
  3 black draconians (Depths:5 Zot:1)
  3 purple draconians (Depths:5 Zot:1 Zot:5)
  5 white draconians (Depths:5 Zot:5)
  A minotaur (Gauntlet)
  5 spark wasps (Spider:4 Depths:3)
  5 yellow draconians (Depths:5 Zot:5)
  Snorg (D:11)
  2 red draconians (Depths:5 Zot:5)
  2 ettins (D:15 Depths:1)
  A large abomination (Depths:5)
  7 death oozes (Slime:5)
  2 yaktaur captains (Depths:1 Depths:5)
  2 fire dragons (D:15 Depths:5)
  Harold (D:8)
  9 great orbs of eyes (Slime:5 Depths:2 Depths:5)
  3 rakshasas (Depths:1 Depths:3)
  A deep elf high priest (Depths:5)
  2 vault guards (D:14)
  22 hydras (Lair:1 Lair:3 Lair:4 Lair:6 Swamp:3)
  A spriggan air mage (Depths:5)
  3 catoblepae (Gauntlet Lair:6 D:14)
  2 shambling mangroves (Swamp:3)
  16 two-headed ogres (D:8 D:11 D:12 D:13 D:15)
  An anaconda (shapeshifter) (Depths:4)
  6 centaur warriors (Orc:2 D:14 D:15 Depths:1)
  Erica (D:9)
  4 alligators (Swamp:1 Swamp:3 Swamp:4)
  5 tengu warriors (D:13 D:14 D:15 Depths:4)
  2 deep troll earth magi (Depths:2 Depths:3)
  5 deep troll shamans (Lair:6 Depths:3 Depths:5)
  8 death yaks (Lair:5 Lair:6)
  2 ogre magi (Depths:1)
  7 spriggans (Swamp:3 Swamp:4)
  A spriggan berserker (Depths:5)
  A hell knight (D:15)
  An iron troll (Depths:5)
  5 deep trolls (Depths:2 Depths:5)
  An unseen horror (D:10)
  11 swamp dragons (Swamp:3 Swamp:4)
  A flayed ghost (Depths:4)
  3 spriggan druids (Swamp:3 Swamp:4)
  Pikel (D:8)
  2 glowing orange brains (Slime:4 Slime:5)
  An orc knight (Orc:2)
  An obsidian statue (D:14)
  3 wizards (D:14 Depths:1)
  A deep elf mage (D:15)
  2 necromancers (D:14)
  7 orb spiders (Spider:2 Spider:3 Spider:4)
  20 wolf spiders (Spider:1 Spider:2 Spider:3 Spider:4)
  4 oklob plants (Lair:6 Lair:1)
  8 elephants (Lair:5 Lair:6)
  7 moths of wrath (Spider:4 Zot:1 Zot:3 Zot:5)
  14 ugly things (IceCv D:13 D:15 Depths:1)
  5 manticores (D:9 D:12 D:14)
  An orc sorcerer (Orc:1)
  A salamander (shapeshifter) (D:14)
  A shining eye (Slime:3)
  2 black mambas (Lair:2 Lair:6)
  Maurice (D:11)
  Psyche (D:8)
  2 torpor snails (Spider:4)
  2 molten gargoyles (Gauntlet)
  4 ice statues (IceCv D:14)
  3 eyes of devastation (Slime:1 Slime:3 Slime:5)
  4 gargoyles (Gauntlet D:13 D:14)
  6 spiny frogs (Lair:3 Lair:4 Lair:6 Swamp:2 Swamp:3)
  A kobold demonologist (D:15)
  2 rime drakes (Lair:6)
  6 yaktaurs (Depths:1)
  8 demonic crawlers (Spider:1 Spider:3 Spider:4)
  A redback zombie (D:15)
  9 komodo dragons (Lair:1 Lair:3 Lair:5 Lair:6 D:14)
  5 tengu conjurers (D:13 D:14 D:15 Depths:1)
  11 jumping spiders (Spider:3 Spider:4)
  7 trolls (D:12 Orc:2 D:14 D:15)
  A polar bear (Lair:6)
  17 tyrant leeches (Lair:3 Spider:4 Swamp:2 Swamp:3 Swamp:4)
  11 hornets (Gauntlet Spider:2 Swamp:3 Swamp:4)
  3 bog bodies (Swamp:3 Swamp:4)
  Prince Ribbit (D:7)
  38 slime creatures (Swamp:1 Swamp:2 Swamp:3 Swamp:4 Slime:1)
  4 dream sheep (Lair:3 D:13)
  11 blink frogs (Lair:3 Lair:5 Lair:6)
  10 hippogriffs (D:7 D:8 Lair:1 Lair:2 Lair:3)
  21 redbacks (Lair:3 Spider:1 Spider:3 Spider:4)
  5 wraiths (D:10 D:14 D:15)
  2 water elementals (Depths:4)
  A centaur simulacrum (D:15)
  13 tarantellas (Spider:1 Spider:3 Spider:4)
  2 shadows (Swamp:2 D:15)
  A wyvern (D:11)
  Eustachio (D:4)
  3 basilisks (Lair:1 Lair:4 Lair:5)
  31 yaks (D:9 D:10 Lair:1 Lair:2 Lair:5)
  2 hungry ghosts (D:9 D:10)
  5 golden eyes (Slime:2)
  4 fire elementals (Spider:3)
  19 humans (D:14)
  Grum (D:9)
  7 vampire mosquitoes (D:12 Swamp:4 D:15)
  Menkaure (D:5)
  2 wargs (Orc:2)
  3 insubstantial wisps (Swamp:3)
  16 swamp worms (Lair:3 Spider:4 Swamp:1 Swamp:2 Swamp:3)
  11 water moccasins (Lair:1 Lair:3 Lair:4 Lair:6)
  A soldier ant (D:12)
  2 acid dragons (D:11 D:14)
  2 hell hounds (Spider:3)
  13 ice beasts (D:5 D:6 D:7 IceCv D:13)
  4 sky beasts (D:7 D:8 D:9 D:10)
  11 porcupines (Lair:1 Lair:2 Lair:3 Lair:4)
  15 swamp drakes (Swamp:1 Swamp:2 Swamp:3 Swamp:4)
  A floating eye (Lair:1)
  3 slaves (D:8)
  24 orc warriors (D:9 D:10 D:11 Orc:1 Orc:2)
  A necrophage (D:14)
  3 black bears (D:9 Lair:6)
  2 eyes of draining (Slime:4 Slime:5)
  13 ogres (D:5 D:6 D:7 D:8 D:10)
  A phantom (D:11)
  22 wolves (D:9 Lair:1 Lair:2 Lair:6)
  10 centaurs (D:5 D:6 D:10 Orc:2 D:14)
  14 crocodiles (D:8 Lair:1 Lair:2 Lair:3 Lair:4)
  7 big kobolds (D:8 D:10 D:11 D:13 D:15)
  18 bullfrogs (D:6 D:7 D:8 D:9 Lair:1)
  A gnoll sergeant (D:10)
  3 wyvern skeletons (D:6 D:11 D:13)
  A water moccasin zombie (D:6)
  A water moccasin skeleton (D:8)
  7 scorpions (D:3 D:6 D:7 D:8 D:10)
  10 killer bees (D:10)
  5 wights (D:8)
  3 electric eels (Lair:3 Lair:5)
  5 howler monkeys (D:4 D:5 D:7 D:8 D:14)
  8 crimson imps (D:5 D:6 D:7 D:8 D:9)
  3 bullfrog zombies (D:9 D:10)
  11 orc priests (D:3 D:4 D:10 D:11 Orc:2)
  5 jellies (D:7 D:10)
  17 orc wizards (D:4 D:6 D:9 D:10 D:11)
  2 bullfrog skeletons (D:11 D:12)
  A centaur skeleton (D:11)
  5 hounds (D:6 D:11 D:12 D:13)
  5 centaur zombies (D:6 D:11 D:13 D:14 D:15)
  Crazy Yiuf (D:5)
  2 iguanas (D:6 D:12)
  8 worker ants (D:4 D:8 D:13 D:14)
  2 worker ant zombies (D:5 D:10)
  16 gnolls (D:1 D:2 D:3 D:10 D:11)
  10 adders (D:2 D:3 D:4 D:8 D:10)
  6 shadow imps (D:5 D:9 D:10 D:13)
  An ooze (D:3)
  An adder zombie (D:5)
  An adder skeleton (D:7)
  6 worms (D:2 D:3 D:4 D:6)
  2 dart slugs (D:2 D:4)
  7 leopard geckos (D:2 D:3 D:5 D:6 D:7)
  58 orcs (D:3 D:4 D:5 D:6 D:9)
  2 ball pythons (D:3 D:5)
  9 giant cockroaches (D:1 D:2 D:3 D:4 D:6)
  4 goblins (D:1 D:2)
  4 hobgoblins (D:1 D:2)
  2 jackals (D:11)
  4 quokkas (D:2 D:3 D:4 D:10)
  4 bats (D:1 D:2 D:3)
  7 frilled lizards (D:2 D:4)
  23 kobolds (D:2 D:3 D:8 D:10 D:11)
  A leopard gecko skeleton (D:5)
  3 quokka skeletons (D:4 D:8)
  4 rats (D:1 D:3)
  A bush (Lair:1)
  A crawling corpse (Depths:5)
  A fungus (Lair:6)
  14 plants (Lair:3 Lair:5 Lair:6 Lair:1 D:13)
1152 creatures vanquished.

Vanquished Creatures (collateral kills)
  An electric golem (Zot:5)
  An azure jelly (Slime:5)
  A death ooze (Slime:5)
  Sonja (Lair:3)
  A torpor snail (Lair:3)
  2 hippogriffs (Lair:3)
  A porcupine (Lair:3)
  A crocodile (Lair:3)
  A bullfrog (Lair:3)
10 creatures vanquished.

Vanquished Creatures (others)
  A stone giant (Depths:5)
  An unseen horror (D:14)
  An orb spider (Spider:4)
  A yaktaur (D:15)
  A tarantella (Spider:3)
  A swamp worm (Swamp:4)
  6 orc warriors (Orc:2)
  3 centaurs (D:8 Orc:2 D:14)
  Ijyb (D:5)
  A ball lightning (Zot:5)
  3 orcs (Orc:2)
  A giant cockroach (D:5)
  A kobold (D:15)
  3 fungi (Lair:3 Lair:6)
  20 plants (Lair:3 Lair:4 Lair:5 Lair:6 Spider:4)
45 creatures vanquished.

Grand Total: 1207 creatures vanquished

Notes
Turn   | Place    | Note
-------+----------+-------------------------------------------
     0 | D:1      | Monsterracer the Deep Dwarf Fighter began the quest for the
                  | Orb.
     0 | D:1      | Reached XP level 1. HP: 20/20 MP: 1/1
    71 | D:1      | Reached XP level 2. HP: 22/27 MP: 2/2
   400 | D:2      | Reached XP level 3. HP: 25/34 MP: 3/3
   438 | D:2      | Found a sacrificial altar of Ru.
   918 | D:2      | Reached XP level 4. HP: 23/42 MP: 4/4
  1142 | D:3      | Found a stormy altar of Qazlal.
  1240 | D:3      | Reached XP level 5. HP: 49/49 MP: 5/5
  1291 | D:3      | HP: 24/49 [orc priest/divine providence (10)]
  1410 | D:3      | Reached XP level 6. HP: 35/57 MP: 6/6
  1595 | D:4      | HP: 23/57 [orc priest/divine providence (12)]
  1599 | D:4      | Reached skill level 5 in Axes
  1600 | D:4      | HP: 28/57 [orc wizard/puff of flame (3)]
  1663 | D:4      | Noticed Eustachio
  1687 | D:4      | Killed Eustachio
  1687 | D:4      | Reached skill level 5 in Armour
  1687 | D:4      | Reached XP level 7. HP: 44/64 MP: 7/7
  1749 | D:4      | Reached skill level 5 in Shields
  2065 | D:4      | Found an ancient bone altar of Kikubaaqudgha.
  2072 | D:4      | Found a hazy altar of Hepliaklqana.
  2073 | D:4      | Found a glowing golden altar of the Shining One.
  2073 | D:4      | Found a shimmering blue altar of Sif Muna.
  2074 | D:4      | Found an ornate altar of the Wu Jian Council.
  2269 | D:5      | Entered Level 5 of the Dungeon
  2281 | D:5      | HP: 26/66 [leopard gecko skeleton/exploding inner flame[the
                  | player character] (17)]
  2358 | D:5      | Found a burning altar of Makhleb.
  2360 | D:5      | Noticed an Executioner
  2362 | D:5      | Found a glowing silver altar of Zin.
  2363 | D:5      | Noticed an angel
  2409 | D:5      | Noticed Ijyb
  2413 | D:5      | Killed Ijyb
  2474 | D:5      | Became a worshipper of Makhleb the Destroyer
  2642 | D:5      | Noticed Menkaure
  2646 | D:5      | HP: 33/66 [??? (27)]
  2652 | D:5      | HP: 33/66 [Menkaure (14)]
  2658 | D:5      | Killed Menkaure
  2658 | D:5      | Reached skill level 1 in Invocations
  2660 | D:5      | HP: 24/66 [ogre/+0 giant club (16)]
  2661 | D:5      | Reached XP level 8. HP: 27/73 MP: 6/8
  2695 | D:5      | Found a runed translucent door.
  2696 | D:5      | Noticed Crazy Yiuf
  2741 | D:5      | Got a warped robe
  3380 | D:5      | Killed Crazy Yiuf
  3456 | D:6      | Reached skill level 5 in Fighting
  3469 | D:6      | HP: 31/74 [ogre/+0 giant club (26)]
  3664 | D:6      | Reached * piety under Makhleb
  3677 | D:6      | HP: 34/74 [ice beast (5)]
  3684 | D:6      | Gained mutation: You passively map the area around you.
                  | [Deep Dwarf growth]
  3684 | D:6      | Reached XP level 9. HP: 51/81 MP: 9/11
  3985 | D:7      | Noticed Prince Ribbit
  4009 | D:7      | Killed Prince Ribbit
  4092 | D:7      | Found an iron altar of Okawaru.
  4131 | D:7      | Reached skill level 5 in Invocations
  4648 | D:7      | Found a staircase to the Ecumenical Temple.
  4874 | D:8      | Reached XP level 10. HP: 76/91 MP: 13/13
  4901 | D:8      | Found a flagged portal.
  5011 | D:8      | Noticed a two-headed ogre
  5018 | D:8      | Killed a two-headed ogre
  5018 | D:8      | Reached ** piety under Makhleb
  5018 | D:8      | Reached skill level 10 in Axes
  5039 | Bailey   | Entered a bailey
  5039 | Bailey   | Noticed an orc knight
  5097 | D:8      | Noticed Gastronok
  5113 | D:8      | HP: 30/92 [Gastronok (24)]
  5119 | D:8      | Killed Gastronok
  5139 | D:8      | Noticed Psyche
  5167 | D:8      | Killed Psyche
  5226 | D:8      | Found a staircase to the Lair.
  5285 | D:8      | Noticed Pikel
  5299 | D:8      | Killed Pikel
  5401 | D:8      | Noticed Harold
  5425 | D:8      | Killed Harold
  5425 | D:8      | Reached XP level 11. HP: 68/100 MP: 15/15
  5586 | D:9      | Noticed Grum
  5598 | D:9      | Killed Grum
  5721 | D:9      | Noticed Erica
  5729 | D:9      | HP: 48/100 [something (6)]
  5733 | D:9      | Killed Erica
  5880 | D:9      | HP: 49/100 [manticore (4)]
  5887 | D:9      | HP: 43/100 [manticore (2)]
  6030 | D:9      | Reached *** piety under Makhleb
  6069 | D:9      | HP: 48/100 [manticore (4)]
  6306 | D:10     | Entered Level 10 of the Dungeon
  6631 | D:10     | Killed an unseen horror
  6738 | D:10     | Found Edojoef's Food Shoppe.
  6844 | D:10     | Reached **** piety under Makhleb
  6853 | D:10     | Found Juwk's Magic Scroll Shoppe.
  6861 | D:10     | Bought a scroll of teleportation for 45 gold pieces
  6861 | D:10     | Bought a scroll of teleportation for 45 gold pieces
  6861 | D:10     | Bought a scroll of identify for 30 gold pieces
  6862 | D:10     | HP: 48/103 [/a scroll of torment (40)]
  6863 | D:10     | Bought a scroll of noise for 15 gold pieces
  6887 | D:10     | Found Xearoosy's Gadget Emporium.
  6894 | D:10     | Found Xifypuad's Magic Scroll Emporium.
  6897 | D:10     | Bought a scroll of fear for 52 gold pieces
  6897 | D:10     | Bought a scroll of teleportation for 45 gold pieces
  6897 | D:10     | Bought a scroll of identify for 30 gold pieces
  6897 | D:10     | Bought a scroll of identify for 30 gold pieces
  6897 | D:10     | Bought a scroll of identify for 30 gold pieces
  6897 | D:10     | Bought a scroll of identify for 30 gold pieces
  6974 | D:10     | Found Duxtaex's Magic Scroll Emporium.
  6977 | D:10     | Bought a scroll of teleportation for 45 gold pieces
  6977 | D:10     | Bought a scroll of teleportation for 45 gold pieces
  6977 | D:10     | Bought a scroll of teleportation for 45 gold pieces
  6977 | D:10     | Bought a scroll of teleportation for 45 gold pieces
  7162 | Lair:1   | Entered Level 1 of the Lair of Beasts
  7217 | Lair:1   | HP: 50/103 [yak (9)]
  7218 | Lair:1   | Identified a scroll of acquirement
  7235 | Lair:1   | Reached XP level 12. HP: 77/110 MP: 18/18
  7522 | Lair:1   | Noticed a five-headed hydra
  7537 | Lair:1   | Killed a three-headed hydra
  7845 | Lair:2   | Reached skill level 10 in Invocations
  7874 | Lair:2   | Reached ***** piety under Makhleb
  7891 | Lair:2   | Reached skill level 10 in Armour
  8055 | Lair:2   | Reached skill level 10 in Shields
  8646 | Lair:3   | Noticed a five-headed hydra
  8647 | Lair:3   | Found a hole to the Spider Nest.
  8655 | Lair:3   | Killed a five-headed hydra
  8712 | Lair:3   | Noticed a seven-headed hydra
  8724 | Lair:3   | Killed a four-headed hydra
  8736 | Lair:3   | Noticed Sonja
  8746 | Lair:3   | Killed Sonja
  8801 | Lair:3   | Found a blossoming altar of Fedhas.
  8936 | Lair:3   | Noticed a five-headed hydra
  8937 | Lair:3   | Noticed an eight-headed hydra
  8941 | Lair:3   | HP: 53/112 [six-headed hydra (5)]
  8947 | Lair:3   | HP: 31/112 [eight-headed hydra (2)]
  8970 | Lair:3   | Killed a two-headed hydra
  9014 | Lair:3   | Killed a one-headed hydra
  9140 | Lair:3   | Found a staircase to the Swamp.
  9201 | Lair:3   | Reached XP level 13. HP: 83/121 MP: 20/20
 10704 | Lair:5   | Reached skill level 1 in Evocations
 11326 | Lair:6   | Entered Level 6 of the Lair of Beasts
 11328 | Lair:6   | Found a gate leading to a gauntlet.
 11357 | Gauntlet | Entered a Gauntlet
 11357 | Gauntlet | Found a transporter.
 11357 | Gauntlet | Found a transporter.
 11358 | Gauntlet | Found a transporter.
 11358 | Gauntlet | Found a transporter.
 11361 | Gauntlet | Found a transporter.
 11361 | Gauntlet | Found a transporter.
 11371 | Gauntlet | Found a transporter.
 11375 | Gauntlet | Found a transporter.
 11387 | Gauntlet | Found a transporter.
 11485 | Gauntlet | Noticed a death ooze
 11486 | Gauntlet | Found a transporter.
 11490 | Gauntlet | Found a transporter.
 11502 | Gauntlet | Found a transporter.
 11559 | Gauntlet | Paralysed by a hornet for 2 turns
 11569 | Gauntlet | Paralysed by a hornet for 1 turns
 11579 | Gauntlet | Paralysed by a hornet for 1 turns
 11660 | Gauntlet | HP: 60/121 [catoblepas/blast of calcifying dust (4)]
 11679 | Gauntlet | Got a brightly glowing copper ring
 11688 | Gauntlet | Identified the ring of Xom's Favour {rC+ AC+4 Int+2 Dex-2
                  | SInv} (You found it in a Gauntlet)
 11706 | Gauntlet | Identified the cursed +0 hand axe of Cruel Justice {chop,
                  | rF+}
 11706 | Gauntlet | Identified the amulet "Roxzenur" {RegenMP rN+ Int+6 SInv}
 11706 | Gauntlet | Noticed a minotaur
 11720 | Gauntlet | Killed a minotaur
 12008 | Lair:6   | Reached skill level 15 in Axes
 12076 | Lair:6   | HP: 55/122 [deep troll shaman (7)]
 12079 | Lair:6   | Noticed a dire elephant
 12107 | Lair:6   | Gained mutation: You resist negative energy. (rN+) [Deep
                  | Dwarf growth]
 12107 | Lair:6   | Reached XP level 14. HP: 120/130 MP: 22/22
 12145 | Lair:6   | Reached ****** piety under Makhleb
 12149 | Lair:6   | Reached skill level 5 in Evocations
 12232 | Lair:6   | Found a staircase to the Slime Pits.
 12286 | Lair:6   | Found a runed translucent door.
 12618 | Lair:6   | Got a jewelled flail
 12703 | Lair:6   | Noticed grouchysmurf's ghost (journeyman KoHu)
 13016 | D:10     | Bought a scroll of enchant weapon for 112 gold pieces
 13016 | D:10     | Bought a scroll of enchant weapon for 112 gold pieces
 13042 | D:11     | Noticed Maurice
 13053 | D:11     | Killed Maurice
 13141 | D:11     | Reached skill level 10 in Fighting
 13767 | D:11     | Noticed Snorg
 13782 | D:11     | Killed Snorg
 14129 | D:12     | Found a frozen archway.
 14188 | IceCv    | Entered an ice cave
 14333 | IceCv    | Got a translucent scimitar
 14338 | IceCv    | Got distressingly furry ice dragon scales
 14343 | IceCv    | Got a brightly glowing emerald amulet
 14383 | D:12     | Identified the amulet of Ysamuff {Acrobat Str+2 Stlth+}
                  | (You found it in an ice cave)
 14387 | D:12     | Identified the +4 ice dragon scales "Link" {rElec rF- rC++
                  | rCorr Slay+2} (You found it in an ice cave)
 14446 | D:12     | Found a staircase to the Orcish Mines.
 14665 | Orc:1    | Entered Level 1 of the Orcish Mines
 14786 | Orc:1    | Found Byit's Antique Weapon Boutique.
 14870 | Orc:2    | Entered Level 2 of the Orcish Mines
 14911 | Orc:2    | Found a staircase to the Elven Halls.
 15071 | Orc:2    | Found Tudyr's Weapon Emporium.
 15071 | Orc:2    | Found Avamp's Weapon Shop.
 15085 | Orc:2    | Found Jisinn Isin's Antique Weapon Shoppe.
 15092 | Orc:2    | Found Taumol's Food Boutique.
 15255 | D:10     | Bought a scroll of fog for 30 gold pieces
 15255 | D:10     | Bought a scroll of magic mapping for 52 gold pieces
 15351 | Spider:1 | Entered Level 1 of the Spider Nest
 15521 | Spider:3 | Noticed Azrael
 15522 | Spider:3 | Noticed an entropy weaver
 15533 | Spider:3 | Killed an entropy weaver
 15540 | Spider:3 | Killed Azrael
 15544 | Spider:3 | Reached XP level 15. HP: 139/140 MP: 23/23
 15679 | Spider:4 | Entered Level 4 of the Spider Nest
 15729 | Spider:4 | Got a scorched glaive
 15811 | Spider:4 | HP: 63/140 [swamp worm (20)]
 15893 | Spider:4 | Noticed a ghost moth
 15896 | Spider:4 | Noticed a ghost moth
 15914 | Spider:4 | Killed a ghost moth
 15915 | Spider:4 | Killed a ghost moth
 16166 | Spider:4 | Noticed a ghost moth
 16166 | Spider:4 | Noticed a ghost moth
 16171 | Spider:4 | Killed a ghost moth
 16175 | Spider:4 | Killed a ghost moth
 16214 | Spider:4 | HP: 68/142 [tyrant leech (8)]
 16219 | Spider:4 | HP: 59/142 [poisoned by an emperor scorpion]
 16318 | Spider:4 | Got a gossamer rune of Zot
 16497 | Swamp:1  | Entered Level 1 of the Swamp
 16896 | Swamp:3  | Reached XP level 16. HP: 150/150 MP: 25/25
 17125 | Swamp:4  | Entered Level 4 of the Swamp
 17156 | Swamp:4  | Got a smoking robe
 17209 | Swamp:4  | HP: 72/151 [five-headed hydra (8)]
 17244 | Swamp:4  | Noticed a thorn hunter
 17262 | Swamp:4  | Killed a thorn hunter
 17296 | Swamp:4  | Noticed a thorn hunter
 17309 | Swamp:4  | Killed a thorn hunter
 17309 | Swamp:4  | Reached skill level 15 in Invocations
 17350 | Swamp:4  | Noticed a thorn hunter
 17382 | Swamp:4  | HP: 75/152 [spriggan rider/+0 spear (3)]
 17385 | Swamp:4  | Killed a thorn hunter
 17462 | Swamp:4  | Got a brightly glowing hand crossbow
 17470 | Swamp:4  | Got a decaying rune of Zot
 18184 | Lair:1   | Paralysed by a floating eye for 2 turns
 18241 | Lair:1   | Got a brightly glowing platinum ring
 18243 | Lair:1   | Identified the ring "Oniympom" {Ice rN+ Str+6 Int+2} (You
                  | found it on level 1 of the Lair of Beasts)
 18384 | Slime:1  | Entered Level 1 of the Pits of Slime
 18392 | Slime:1  | Noticed an acid blob
 18410 | Slime:1  | Killed an acid blob
 18507 | Slime:3  | Noticed Dissolution
 18507 | Slime:3  | Noticed an acid blob
 18512 | Slime:3  | Killed an acid blob
 18520 | Slime:3  | Killed Dissolution
 18520 | Slime:3  | Reached XP level 17. HP: 129/162 MP: 26/26
 18597 | Slime:5  | Entered Level 5 of the Pits of Slime
 18597 | Slime:5  | Noticed an acid blob
 18617 | Slime:5  | Noticed an acid blob
 18628 | Slime:5  | Killed an acid blob
 18638 | Slime:5  | Noticed the Royal Jelly
 18638 | Slime:5  | Noticed an acid blob
 18639 | Slime:5  | Found a viscous altar of Jiyva.
 18639 | Slime:5  | Noticed an acid blob
 18639 | Slime:5  | Noticed an acid blob
 18651 | Slime:5  | Killed an acid blob
 18666 | Slime:5  | Killed an acid blob
 18667 | Slime:5  | Noticed an acid blob
 18669 | Slime:5  | Noticed an acid blob
 18676 | Slime:5  | Killed an acid blob
 18681 | Slime:5  | HP: 81/162 [azure jelly[the Royal Jelly] (3)]
 18686 | Slime:5  | HP: 40/162 [acid (1)]
 18686 | Slime:5  | HP: 16/162 [acid blob (24)]
 18692 | Slime:5  | HP: 52/162 [azure jelly (3)]
 18697 | Slime:5  | HP: 34/162 [acid blob/splash of acid (5)]
 18747 | Slime:5  | Reached skill level 15 in Armour
 18749 | Slime:5  | Reached skill level 15 in Shields
 18763 | Slime:5  | Killed an acid blob
 18768 | Slime:5  | Noticed an acid blob
 18776 | Slime:5  | Killed an acid blob
 18811 | Slime:5  | Killed an acid blob
 18813 | Slime:5  | Found the +8 demon blade "Bloodbane" {slice, *Rage +Rage
                  | Stlth-}
 18843 | Slime:5  | Noticed an acid blob
 18857 | Slime:5  | Killed an acid blob
 18943 | Slime:5  | HP: 79/163 [the Royal Jelly (5)]
 18946 | Slime:5  | Noticed an acid blob
 18953 | Slime:5  | Noticed an acid blob
 18955 | Slime:5  | Killed an acid blob
 18959 | Slime:5  | Noticed an acid blob
 18963 | Slime:5  | Killed the Royal Jelly
 18969 | Slime:5  | Killed an acid blob
 18974 | Slime:5  | Killed an acid blob
 19002 | Slime:5  | Got a slimy rune of Zot
 19004 | Slime:5  | Got a translucent brass ring
 19006 | Slime:5  | Identified the ring "Pisott" {+Fly rF+ rC+ Int+2} (You
                  | found it on level 5 of the Pits of Slime)
 19019 | Slime:5  | Got a warped halberd
 19065 | Slime:5  | Got a scorched trident
 19094 | Slime:5  | Got a shimmering scale mail
 19111 | Slime:5  | Identified the +7 scale mail of Dishonesty {Str-4 Int-4
                  | Dex+8 SInv} (You found it on level 5 of the Pits of Slime)
 19155 | Slime:5  | Noticed an acid blob
 19158 | Slime:5  | Killed an acid blob
 19166 | Slime:5  | Killed an acid blob
 19397 | D:10     | Bought a scroll of identify for 30 gold pieces
 20241 | D:14     | Found a blossoming altar of Fedhas.
 20596 | D:14     | Gained mutation: You passively map a large area around you.
                  | [Deep Dwarf growth]
 20596 | D:14     | Reached XP level 18. HP: 155/172 MP: 27/27
 20838 | D:14     | Found a gate to the Vaults.
 20882 | D:14     | Got a scintillating amber ring
 20883 | D:14     | Identified the ring of the Spinneret {rElec rF+ Int-5
                  | Slay+3 Stlth+} (You found it on level 14 of the Dungeon)
 20947 | D:15     | Entered Level 15 of the Dungeon
 21193 | D:15     | Found a staircase to the Depths.
 21214 | D:15     | Got a smelly ring mail
 21256 | D:15     | Identified the +1 ring mail "Zotra" {+Inv rC+++ rCorr
                  | Str-3} (You found it on level 15 of the Dungeon)
 21689 | D:15     | Found a snail-covered altar of Cheibriados.
 21787 | Depths:1 | Entered Level 1 of the Depths
 21812 | Depths:1 | Found Mololl's General Store.
 21812 | Depths:1 | Found Wyukhorch's Food Emporium.
 21972 | Depths:1 | Got a pair of faintly humming gloves
 21997 | Depths:1 | Found a gateway to Hell.
 22286 | Depths:4 | Found a gateway to a ziggurat.
 22375 | Depths:5 | Entered Level 5 of the Depths
 22428 | Depths:5 | Reached XP level 19. HP: 184/184 MP: 28/28
 22462 | Depths:5 | Noticed a bone dragon
 22462 | Depths:5 | Noticed a golden dragon
 22464 | Depths:5 | Found a gate to the Realm of Zot.
 22481 | Depths:5 | Noticed Jory
 22490 | Depths:5 | Killed a golden dragon
 22496 | Depths:5 | Killed a bone dragon
 22496 | Depths:5 | Reached skill level 15 in Fighting
 22506 | Depths:5 | HP: 87/186 [red draconian/searing blast (21)]
 22511 | Depths:5 | HP: 62/186 [red draconian/searing blast (13)]
 22514 | Depths:5 | Killed Jory
 22558 | Zot:1    | Entered Level 1 of the Realm of Zot
 22614 | Zot:1    | Noticed a golden dragon
 22643 | Zot:1    | HP: 91/186 [golden dragon/bolt of fire (51)]
 22648 | Zot:1    | HP: 88/186 [swamp drake][a green draconian stormcaller]
                  | (1)]
 22651 | Zot:1    | Killed a golden dragon
 22656 | Zot:1    | Noticed an orb of fire
 22658 | Zot:1    | HP: 88/186 [green draconian stormcaller/divine providence
                  | (4)]
 22660 | Zot:1    | HP: 24/186 [orb of fire/bolt of fire (89)]
 22665 | Zot:1    | HP: 102/279 [orb of fire/fireball (12)]
 22673 | Zot:1    | HP: 40/279 [orb of fire/bolt of fire (14)]
 22674 | Zot:1    | Killed an orb of fire
 22680 | Zot:1    | HP: 59/279 [purple draconian/bolt of dispelling energy
                  | (21)]
 22682 | Zot:1    | Noticed a curse toe
 22699 | Zot:1    | HP: 73/279 [wandering mushroom[a curse toe] (4)]
 22711 | Zot:1    | HP: 43/186 [deathcap/drain life[a curse toe] (5)]
 22712 | Zot:1    | Killed a curse toe
 22757 | Zot:1    | Identified the +1 pair of gloves "Lemih" {rPois Str-5
                  | Int+8} (You found it on level 1 of the Depths)
 22792 | Zot:1    | HP: 84/186 [red draconian scorcher/bolt of magma (14)]
 22904 | Zot:3    | Noticed a golden dragon
 22918 | Zot:3    | Killed a golden dragon
 22942 | Zot:3    | HP: 93/188 [moth of wrath (3)]
 23023 | Zot:5    | Entered Level 5 of the Realm of Zot
 23201 | Zot:5    | Reached XP level 20. HP: 172/196 MP: 26/26
 23764 | Zot:5    | Noticed an ancient lich
 23807 | Zot:5    | Killed an ancient lich
 23839 | Zot:5    | Noticed an ancient lich
 23839 | Zot:5    | Noticed an orb of fire
 23843 | Zot:5    | Noticed an ancient lich
 23843 | Zot:5    | Gained mutation: You are agile. (Dex +2) [an orb of fire]
 23843 | Zot:5    | Noticed an ancient lich
 23846 | Zot:5    | Noticed a Killer Klown
 23849 | Zot:5    | HP: 137/298 [Orb Guardian (26)]
 23852 | Zot:5    | HP: 60/298 [Orb Guardian (24)]
 23852 | Zot:5    | HP: 12/298 [Orb Guardian (48)]
 23852 | Zot:5    | Noticed a Killer Klown
 23854 | Zot:5    | Killed an ancient lich
 23858 | Zot:5    | HP: 63/298 [ancient lich (6)]
 23862 | Zot:5    | Lost mutation: You are agile. (Dex +2) [an orb of fire]
 23862 | Zot:5    | Noticed an ancient lich
 23865 | Zot:5    | HP: 50/298 [Orb Guardian (4)]
 23866 | Zot:5    | Killed an ancient lich
 23868 | Zot:5    | Gained mutation: Your magical capacity is low. (-10% MP)
                  | [an orb of fire]
 23869 | Zot:5    | Killed an ancient lich
 23870 | Zot:5    | Killed an orb of fire
 23871 | Zot:5    | HP: 129/300 [Orb Guardian (21)]
 23874 | Zot:5    | Killed a Killer Klown
 23878 | Zot:5    | HP: 96/200 [electric golem/bolt of lightning (5)]
 23883 | Zot:5    | HP: 81/200 [electric golem/bolt of lightning (8)]
 23886 | Zot:5    | HP: 35/200 [Orb Guardian (24)]
 23886 | Zot:5    | HP: 11/200 [ancient lich (12)]
 23889 | Zot:5    | Noticed an ancient lich
 23891 | Zot:5    | HP: 44/200 [electric golem/bolt of lightning (6)]
 23895 | Zot:5    | Killed an ancient lich
 23895 | Zot:5    | Reached XP level 21. HP: 97/208 MP: 19/19
 23899 | Zot:5    | HP: 89/208 [ancient lich/iron shot (42)]
 23910 | Zot:5    | Killed an ancient lich
 23917 | Zot:5    | Noticed an orb of fire
 23922 | Zot:5    | HP: 104/208 [orb of fire/bolt of fire (24)]
 23936 | Zot:5    | Gained mutation: Scrolls take you a little longer to read.
                  | [an orb of fire]
 23944 | Zot:5    | Gained mutation: Armour fits poorly on your strangely
                  | shaped body. [an orb of fire]
 23945 | Zot:5    | Killed an orb of fire
 23976 | Zot:5    | Noticed a Killer Klown
 23991 | Zot:5    | HP: 91/208 [Orb Guardian (14)]
 23995 | Zot:5    | HP: 45/312 [Orb Guardian (37)]
 23995 | Zot:5    | HP: 21/312 [Orb Guardian (24)]
 23996 | Zot:5    | HP: 9/312 [Orb Guardian (12)]
 23996 | Zot:5    | Annihilated by an Orb Guardian

Levels and vault maps discovered:
D:1:      dpeg_arrival_shrine, layout_basic
D:2:      layout_basic, nicolae_overflow_hidden_temple
D:3:      layout_rooms, grunt_qazlal_sundering, first_ration
D:4:      layout_loops_ring, grunt_temple_overflow_open, uniq_eustachio
D:5:      layout_loops_corners, grunt_temple_overflow_order_and_chaos_2,
          corner_web_ring, uniq_ijyb, uniq_menkaure, uniq_crazy_yiuf_cottage
D:6:      layout_rooms
D:7:      layout_basic, minmay_temple_entry_nine_rooms,
          okawaru_metal_pillars_1_2, uniq_prince_ribbit1
D:8:      layout_basic, lair_entry_dummy, enter_bailey_2, uniq_psyche,
          uniq_harold, uniq_pikel, uniq_gastronok
D:9:      layout_basic, lemuel_old_faithful, uniq_erica, uniq_grum
D:10:     layout_roguey, serial_shops, shop, shop, nicolae_shop_behind_doors,
          shop_statue, kennysheep_mini
D:11:     layout_basic, uniq_snorg, uniq_maurice
D:12:     layout_basic, orc_0_dummy, portal_ice_cave_entry_pillars_1
D:13:     layout_loops_ring, hangedman_ranch [blue_anna_fruit_fields],
          minivault_26
D:14:     layout_roguey, grunt_vaults_entry_tiered, basic_altar,
          palyth_stone_intersect, minmay_more_statues
D:15:     hangedman_depths_entry_civil_slaughter, layout_small_grid,
          kennysheep_flooded_box
Lair:1:   layout_hall_layers, disabler_island
Lair:2:   layout_layer_cave, beast_lair_carwin_1
Lair:3:   layout_cave_shapes, palyth_hydra_swamp_entry, spider_nest_entry_webs,
          nicolae_quartered_pool_medium, tgw_fedhas, uniq_sonja
Lair:4:   layout_cave_pods
Lair:5:   layout_small_grid, serial_bayou_shore_a, grunt_megastairs_3
Lair:6:   grunt_lair_end_beastmaster, layout_regular_city,
          minmay_slime_entry_oklob_open, gauntlet_entry_generic,
          ebering_ghost_inner_flame, st_stairs_5
Swamp:1:  layout_basic_swamp, serial_swamp_ruin, evilmike_swamp_ruin_house_3,
          evilmike_swamp_ruin_house_5
Swamp:2:  layout_falls_marsh, evilmike_swamp_ruin_rubble_2, swamp_pool5,
          infiniplex_staircase_pool_2
Swamp:3:  layout_basic_swamp, evilmike_swamp_ruin_house_1
Swamp:4:  swamp, layout_basic_swamp
Spider:1: nicolae_spider_mines_1, hangedman_spider_mandibles
Spider:2: layout_spider_delve
Spider:3: layout_chambers, uniq_bai_suzhen, uniq_azrael
Spider:4: grunt_spider_rune_island, worms_lemuel
Slime:1:  layout_caves
Slime:2:  layout_caves, cheibrodos_slime_lost_civilization_4
Slime:3:  layout_caves, dissolution_awaits
Slime:4:  layout_caves
Slime:5
Orc:1:    layout_diamond_mine, serial_shops, shop, shop, shop,
          nicolae_shop_competitors_out_of_business, uniq_urug
Orc:2:    st_orc_rangers, layout_diamond_mine
Depths:1: layout_gridlike, hell_entry, minmay_misc_feat_columns,
          abyss_entry_small_statue_room, item_on_display_a, minmay_shoptagon
Depths:2: minmay_curly_fans, layout_basic, abyss_entry, hangedman_geh_valley,
          minmay_misc_feat_diagonals, infiniplex_staircase_zigzag_4
Depths:3: minmay_the_grid_net [minmay_the_grid_slots, minmay_the_grid_tree,
          minmay_the_grid_armoury, minmay_the_grid_tri_star,
          minmay_the_grid_airy, minmay_the_grid_prize_four_corners_diamond_a],
          layout_gridville, nicolae_twisting_strands, rand_demon_pan_entry_9,
          gammafunk_ghost_tricky_traps, serial_shops, kennysheep_little_box,
          hell_entry
Depths:4: four-leaf_vault, layout_basic, enter_ziggurat_e, serial_sigils,
          serial_sigils_hangedman_etch, serial_sigils_hangedman_confine,
          serial_sigils_hangedman_scar, serial_sigils_hangedman_gut,
          serial_sigils_hangedman_shear, pf_coc_iceberg,
          marbit_kobold_abyss_entry
Depths:5: grunt_zot_entry_funnels, layout_gridlike, hangedman_abyss_entry_splay,
          hell_entry, minmay_misc_feat_square, minmay_fire_ice_demons,
          uniq_margery, uniq_jory
Zot:1:    lemuel_draconian_sentries, layout_misc_corridors
Zot:2:    layout_twisted_circle
Zot:3:    layout_gridlike, hangedman_zot_decor_tridents, grunt_megastairs_5
Zot:4:    kennysheep_room_grid, layout_cathedral_of_symmetry
Zot:5:    layout_misc_corridors, kennysheep_underground_church

Skill      XL: |  1  2  3  4  5  6  7  8  9 10 11 12 13 14 15 16 17 18 19 20 21 |
---------------+----------------------------------------------------------------+-----
Fighting       | 3 4 5 6 7 8 9 10 11 12 13 14 15 17 | 17.3
Axes           | 3 4 5 6 8 9 11 12 14 15 16 17 18 | 18.0
Armour         | 4 5 6 7 8 9 10 11 12 13 14 15 17 18 19 20 | 20.1
Shields        | 4 5 6 7 8 9 10 11 12 13 14 15 17 18 19 20 | 20.0
Invocations    | 1 4 6 7 9 10 12 13 14 15 16 | 16.0
Evocations     | 4 5 |  5.0

Action                   |  1- 3 |  4- 6 |  7- 9 | 10-12 | 13-15 | 16-18 | 19-21 || total
-------------------------+-------+-------+-------+-------+-------+-------+-------++-------
Melee: War axe           |    94 |   140 |   306 |   540 |    19 |   112 |       ||  1211
       Broad axe         |       |       |       |   181 |  1233 |   938 |   489 ||  2841
Throw: Throwing net      |       |       |       |       |       |     3 |       ||     3
Invok: Greater Servant o |       |       |       |     1 |     1 |     3 |     1 ||     6
       Minor Destruction |       |       |       |       |     2 |       |       ||     2
 Abil: Heal Wounds       |       |     6 |    13 |    15 |     8 |    14 |    29 ||    85
Evoke: Wand              |       |       |       |     4 |       |       |     3 ||     7
  Use: Scroll            |       |       |    13 |    11 |    17 |    16 |    10 ||    67
       Potion            |       |       |       |     1 |       |     2 |    12 ||    15
 Stab: Held in net/web   |       |       |       |       |     2 |     3 |       ||     5
       Distracted        |       |       |       |       |     1 |       |     1 ||     2
       Petrified         |       |       |       |       |       |     6 |       ||     6
  Eat: Chunk             |       |     3 |    10 |    15 |    26 |    13 |     2 ||    69
       Ration            |       |       |       |     1 |       |     2 |     1 ||     4
Armor: Scale mail        |     4 |       |       |       |       |       |       ||     4
       Chain mail        |    37 |    79 |   136 |    87 |       |       |       ||   339
       Plate armour      |       |       |       |   197 |   230 |       |    19 ||   446
       Ice dragon scales |       |       |       |       |   425 |   610 |   124 ||  1159
       Storm dragon scal |       |       |       |       |       |       |   146 ||   146
       Skin              |       |       |       |       |       |       |     1 ||     1
Dodge: Dodged            |    17 |    32 |    58 |   134 |   268 |   204 |    97 ||   810
Block: Shield            |    55 |    86 |    60 |       |       |       |       ||   201
       Large shield      |       |       |   177 |   792 |  1445 |  1215 |   561 ||  4190
       Reflection        |       |       |     3 |    25 |    65 |    71 |    10 ||   174
